 Dungeon Crawl Stone Soup version 0.20.0-14-g326068f (webtiles) character file.

660 QuCean the Firebug (level 7, 0/53 HPs)
             Began as a Pale Draconian Fire Elementalist on June 7, 2017.
             Succumbed to a worker ant's poison
             ... on level 6 of the Dungeon on June 8, 2017.
             The game lasted 00:32:57 (6050 turns).

QuCean the Firebug (DrFE)                           Turns: 6050, Time: 00:32:57

Health: 0/53       AC: 10    Str: 14    XL:     7   Next: 30%
Magic:  6/22       EV: 13    Int: 23    God:
Gold:   246        SH:  0    Dex: 11    Spells: 2/14 levels left

rFire    . . .     SeeInvis .   t - +3 mace
rCold    . . .     Gourm    .   (no shield)
rNeg     . . .     Faith    .   (armour unavailable)
rPois    .         Spirit   .   y - +2 hat
rElec    .         Reflect  .   f - +0 cloak
rCorr    .         Harm     .   w - +0 pair of gloves
MR       +....                  (no boots)
Stlth    ++........             (no amulet)
Regen    0.2/turn               i - +5 ring of intelligence
MPRegen  0.2/turn               d - ring "Geihibaco" {+Inv MR+ MP+9 Str+4}

@: lethally poisoned (0 -> -12)
A: breathe steam, unfitting armour, cold-blooded, AC +6
a: Breathe Steam, Evoke Invisibility


You were on level 6 of the Dungeon.
You were hungry.

You visited 1 branch of the dungeon, and saw 6 of its levels.
You also visited: Ossuary.

You collected 246 gold pieces.

Inventory:

Hand Weapons
 e - a +0 dagger
 l - a cursed +0 quarterstaff
 t - a +3 mace (weapon)
 u - a +1 flail of protection
Armour
 f - a +0 cloak (worn)
 n - a +0 shield
 w - a +0 pair of gloves (worn)
 y - a +2 hat (worn)
Jewellery
 d - the ring "Geihibaco" (right hand) {+Inv MR+ MP+9 Str+4}
   (You found it on level 4 of the Dungeon)

   [ring of magical power]

   It affects your strength (+4).
   It affects your resistance to hostile enchantments.
   It affects your magic capacity (+9).
   It lets you turn invisible.
 i - a +5 ring of intelligence (left hand)
 s - an uncursed ring of ice
Scrolls
 c - 2 scrolls of immolation
 g - a scroll of teleportation
 m - a scroll of magic mapping {unknown}
 o - 2 scrolls of noise {unknown}
 q - 2 scrolls of blinking {unknown}
 r - 2 scrolls of amnesia {unknown}
 v - 2 scrolls of fog {unknown}
Potions
 h - a potion of flight {unknown}
 j - a potion of curing
 k - a potion of agility
 p - a potion of degeneration {unknown}
 z - 2 potions of might {unknown}
 B - a potion of heal wounds {unknown}
Books
 a - a book of Flames

   Spells                             Type                      Level
   a - Flame Tongue                   Conjuration/Fire             1
   b - Throw Flame                    Conjuration/Fire             2
   c - Conjure Flame                  Conjuration/Fire             3
   d - Inner Flame                    Hexes/Fire                   3
   e - Sticky Flame                   Conjuration/Fire             4
   f - Fireball                       Conjuration/Fire             5
 x - a book of Callings

   Spells                             Type                      Level
   a - Summon Small Mammal            Summoning                    1
   b - Call Imp                       Summoning                    2
   c - Call Canine Familiar           Summoning                    3
   d - Summon Guardian Golem          Hexes/Summoning              3
   e - Summon Lightning Spire         Summoning/Air                4
   f - Summon Ice Beast               Ice/Summoning                4
Comestibles
 b - 5 bread rations


   Skills:
 + Level 1.9 Fighting
 - Level 1.0 Short Blades
 * Level 2.1 Maces & Flails
 + Level 3.1 Dodging
 + Level 2.3 Stealth
 + Level 0.2 Unarmed Combat
 + Level 4.0 Spellcasting
 + Level 3.4 Conjurations
 + Level 5.1 Fire Magic


You had 2 spell levels left.
You knew the following spells:

 Your Spells              Type           Power        Failure   Level  Hunger
a - Flame Tongue          Conj/Fire      ###..        1%          1    None
b - Conjure Flame         Conj/Fire      ###.....     5%          3    ##.....
c - Throw Flame           Conj/Fire      ###...       2%          2    #......
d - Summon Guardian Gole  Hex/Summ       #.......     30%         3    ##.....
e - Inner Flame           Hex/Fire       ###.....     11%         3    ##.....


Dungeon Overview and Level Annotations

Branches:
Dungeon (6/15)
 Temple: D:4-7

Altars:
Nemelex Xobeh

Annotations:
D:4 Pikel


Innate Abilities, Weirdness & Mutations

You can breathe blasts of scalding, opaque steam.
Your pale cyan-grey scales are hard. (AC +6)
You cannot fit into any form of body armour.
You are cold-blooded and may be slowed by cold attacks.


Message History

The worker ant poisons you!
You closely miss the worker ant.
* * * LOW HITPOINT WARNING * * *
You feel sick.
The worker ant bites you but does no damage.
The worker ant misses you.
You barely miss the worker ant. The worker ant misses you.
You completely miss the worker ant.
You feel sick. The worker ant bites you.
* * * LOW HITPOINT WARNING * * *
You are lethally poisoned!
The worker ant poisons you! The worker ant misses you.
Your magical contamination has completely faded away.
You hit the worker ant but do no damage.
* * * LOW HITPOINT WARNING * * *
You feel sick. The worker ant bites you.
* * * LOW HITPOINT WARNING * * *
You hit the worker ant.
You tail-slap the worker ant, but do no damage.
The worker ant is moderately wounded.
You die...

#...####......#....
...a..........#<##.
##...###........##.
#..............###.
.......#.[.........
#+#........##.###.
#.#........#......
###.###........#....
+..@a.'............#
###.###.......#..#(#
#.# ........(...<.
#+#.........#.#..#
............#..#
####.............
##.####.#.#### .#
.#. # .


You could see a worker ant.

Vanquished Creatures
  2 slaves (D:4)
  A bullfrog (D:5)
  A howler monkey (D:3)
  A centaur zombie (D:5)
  2 hounds
  An orc priest (D:5)
  An iguana (D:6)
  Natasha (thrice) (D:3)
  2 worker ants
  A big kobold zombie (Ossuary)
  3 mummies (Ossuary)
  4 gnolls (D:4)
  5 adders
  2 oozes
  5 worms
  3 dart slugs
  4 leopard geckos
  6 orcs
  A ball python (D:5)
  2 giant cockroaches (D:3)
  10 goblins
  14 hobgoblins
  2 quokkas (D:3)
  5 bats
  2 frilled lizards
  A hobgoblin zombie (Ossuary)
  9 kobolds
  3 kobold zombies (Ossuary)
  A leopard gecko skeleton (D:4)
  3 orc zombies (Ossuary)
  6 rats
106 creatures vanquished.

Vanquished Creatures (collateral kills)
  2 mummies (Ossuary)
2 creatures vanquished.

Grand Total: 108 creatures vanquished

Notes
Turn   | Place    | Note
-------+----------+-------------------------------------------
     0 | D:1      | QuCean the Draconian Fire Elementalist began the quest for the Orb.
     0 | D:1      | Reached XP level 1. HP: 14/14 MP: 3/3
   318 | D:1      | Reached XP level 2. HP: 16/20 MP: 0/5
   842 | D:2      | Reached XP level 3. HP: 26/26 MP: 1/6
   847 | D:2      | Learned a level 3 spell: Conjure Flame
  1470 | D:2      | Upgraded the game from 0.20.0-10-g0535bb4 to 0.20.0-14-g326068f
  1599 | D:2      | Reached XP level 4. HP: 21/33 MP: 2/7
  2126 | D:3      | Found a sparkling altar of Nemelex Xobeh.
  2197 | D:3      | Learned a level 2 spell: Throw Flame
  2227 | D:3      | Noticed Natasha
  2238 | D:3      | Killed Natasha
  2274 | D:3      | Noticed Natasha
  2541 | D:3      | Killed Natasha
  2541 | D:3      | Reached skill level 1 in Fighting
  2541 | D:3      | Reached XP level 5. HP: 31/40 MP: 4/9
  2721 | D:3      | Noticed Natasha
  2733 | D:3      | Killed Natasha
  3078 | D:3      | Reached skill level 4 in Fire Magic
  3361 | D:4      | Noticed a slave
  3572 | D:4      | Noticed a slave
  3572 | D:4      | Noticed a slave
  3573 | D:4      | Noticed Pikel
  3574 | D:4      | Noticed a slave
  3580 | D:4      | Killed a slave
  3874 | D:3      | Reached XP level 6. HP: 39/47 MP: 1/11
  4056 | D:4      | Killed a slave
  4278 | D:4      | Got a smoking bone ring
  4422 | D:5      | Entered Level 5 of the Dungeon
  4786 | D:5      | Reached skill level 1 in Short Blades
  4875 | D:5      | Identified the ring "Geihibaco" {+Inv MR+ MP+9 Str+4} (You found it on level 4 of the Dungeon)
  4966 | D:5      | Learned a level 3 spell: Summon Guardian Golem
  4970 | D:5      | Learned a level 3 spell: Inner Flame
  5362 | D:6      | Your scales start taking on a pale cyan-grey colour.
  5362 | D:6      | Reached skill level 5 in Fire Magic
  5362 | D:6      | Reached XP level 7. HP: 51/53 MP: 12/12
  5437 | D:6      | Reached skill level 1 in Maces & Flails
  5661 | D:6      | Found a sand-covered staircase.
  5667 | Ossuary  | Entered an ossuary
  6049 | D:6      | HP: 2/53 [worker ant (2)]
  6050 | D:6      | Succumbed to a worker ant's poison

Skill      XL: |  1  2  3  4  5  6  7 |
---------------+----------------------+-----
Stealth        | 2 |  2.3
Dodging        | 2 3 |  3.1
Conjurations   | 2 3 |  3.4
Fighting       | 1 |  1.9
Spellcasting   | 3 4 |  4.0
Fire Magic     | 4 5 |  5.1
Short Blades   | 1 |  1.0
Maces & Flails | 2 |  2.1
Unarmed Combat | |  0.2

Action                   |  1- 3 |  4- 6 |  7- 9 || total
-------------------------+-------+-------+-------++-------
Melee: Unarmed           |    34 |       |       ||    34
       Tailslap          |     3 |     5 |     5 ||    13
       Dagger            |       |    32 |       ||    32
       Mace              |       |    19 |    64 ||    83
 Cast: Flame Tongue      |    58 |   142 |    15 ||   215
       Conjure Flame     |       |     3 |       ||     3
       Summon Guardian G |       |     1 |     3 ||     4
  Use: Scroll            |     2 |     8 |       ||    10
       Potion            |       |     1 |       ||     1
  Eat: Chunk             |     3 |     5 |       ||     8
       Royal jelly       |       |     2 |       ||     2
       Meat ration       |       |     1 |       ||     1
Armor: Skin              |    21 |    65 |    27 ||   113
Dodge: Dodged            |    58 |   114 |    67 ||   239
